 Dungeon Crawl Stone Soup version 0.19.4-8-ga85b6b9 (console) character file.

486 Grinner the Changer (level 6, 0/34 HPs)
             Began as a Spriggan Transmuter on Feb 13, 2017.
             Succumbed to an adder's poison
             ... on level 5 of the Dungeon.
             The game lasted 00:14:33 (5443 turns).

Grinner the Changer (Spriggan Transmuter)           Turns: 5443, Time: 00:14:34

Health: 0/34       AC:  5    Str: 11    XL:     6   Next: 89%
Magic:  12/14      EV: 14    Int: 14    God:
Gold:   190        SH:  0    Dex: 19    Spells: 4 memorised, 5 levels left

rFire  x . .     SeeInvis +       - Unarmed
rCold  + + +     Gourm    .     (armour currently unavailable)
rNeg   . . .     Faith    .     (shield currently unavailable)
rPois  +         Spirit   .     (helmet currently unavailable)
rElec  .         Reflect  .     (cloak currently unavailable)
rCorr  +         Harm     .     (gloves unavailable)
MR     +....                    (boots unavailable)
Stlth  ++........               (no amulet)
                                s - +5 ring of strength
                                h - ring of resist corrosion

@: lethally poisoned (0 -> -2), ice-form
A: unfitting armour, see invisible, herbivore 3, (speed 0), slow metabolism 2
a: End Transformation


You were on level 5 of the Dungeon.
You were hungry.
You were a creature of crystalline ice.
You visited 1 branch of the dungeon, and saw 5 of its levels.

You collected 190 gold pieces.

Inventory:

Missiles
 a - 48 arrows
Armour
 b - a +0 robe (melded)
 r - a +0 cloak (melded)
 t - a +1 hat (melded)
Magical Staves
 w - an uncursed staff of wizardry (melded)
Jewellery
 h - a ring of resist corrosion (left front paw)
 s - a +5 ring of strength (right front paw)
Wands
 m - a wand of slowing (27/48)
 q - a wand of lightning (2/15)
 x - a wand of flame (23/48)
Scrolls
 f - 3 scrolls of amnesia
 j - a scroll of recharging
 k - a scroll of teleportation
 l - a scroll of enchant armour
 n - a scroll of random uselessness
 p - a scroll of remove curse
Potions
 e - a potion of cancellation
 o - a potion of flight
 v - a potion of curing
 z - a potion of degeneration
 A - 3 potions of brilliance
Books
 c - a book of Changes

   Spells                             Type                      Level
   a - Beastly Appendage              Transmutation                1
   b - Sticks to Snakes               Transmutation                2
   c - Spider Form                    Transmutation/Poison         3
   d - Ice Form                       Ice/Transmutation            4
   e - Blade Hands                    Transmutation                5
Comestibles
 d - 4 bread rations
 g - 4 fruits


   Skills:
 - Level 0.7 Fighting
 + Level 5.5 Dodging
 + Level 3.3 Unarmed Combat
 * Level 5.1 Spellcasting
 + Level 6.3 Transmutations


You had 5 spell levels left.
You knew the following spells:

 Your Spells              Type           Power        Failure   Level  Hunger
a - Ice Form              Ice/Tmut       ##......     58%         4    ####...
d - Sticks to Snakes      Tmut           ###.....     1%          2    ##.....
s - Spider Form           Tmut/Pois      ##........   17%         3    ###....
z - Beastly Appendage     Tmut           ###...       1%          1    None


Dungeon Overview and Level Annotations

Branches:
Dungeon (5/15)
 Temple: D:4-7

Altars:
Elyvilon
Uskayaw
Vehumet
The Shining One

Annotations:
D:5 Prince Ribbit


Innate Abilities, Weirdness & Mutations

You are very small and have problems with some larger weapons.
You are too small for most types of armour.
You have supernaturally acute eyesight. (SInv)
You are a herbivore.
((You cover ground extremely quickly.))
You need consume almost no food.


Message History

You feel sick.
Prince Ribbit hops awkwardly around.
Prince Ribbit blinks!
A crimson imp comes into view.
You feel sick.
You punch the crimson imp! You freeze the crimson imp!
You kill the crimson imp!
You completely miss the crimson imp.
You feel sick.
The crimson imp hits you with a dagger of chaos.
Prince Ribbit hits you!
* * * LOW HITPOINT WARNING * * *
Prince Ribbit catches a mouse with his tongue.
Prince Ribbit hits you!
* * * LOW HITPOINT WARNING * * *
As you read the scroll of fear, it crumbles to dust.
You assume a fearsome visage.
The crimson imp is unaffected.
Prince Ribbit looks frightened!
Prince Ribbit mumbles some strange words.
Prince Ribbit looks slightly unstable.
You die...

##....# .# #.##
##.#.### .# #.
#.#...# .## #.
#.###.# .. #.#
#.# .# #.#
#.####.#
#.###.##5..#
#.......F#†....#
#####.Y###...>##
#..# .....#
....# ...5.#
###.## .......
#.# #...#.. #.#
(###.# #. #.


You could see Prince Ribbit (fleeing) and a crimson imp.

Vanquished Creatures
  An ogre (D:4)
  The ghost of mrking the Skirmisher, a weakling MiWn of Kikubaaqudgha (D:4)
  A crimson imp (D:5)
  Crazy Yiuf (D:2)
  2 orc wizards (D:3)
  An iguana (D:4)
  3 worker ants
  4 gnolls (D:3)
  An adder (D:5)
  A worm (D:2)
  3 dart slugs (D:2)
  10 orcs
  3 ball pythons
  12 bats
  6 giant cockroaches
  5 goblins
  7 hobgoblins
  2 jackals (D:3)
  A quokka (D:3)
  4 frilled lizards
  A jackal skeleton (D:5)
  8 kobolds
  A leopard gecko skeleton (D:5)
  A quokka skeleton (D:4)
  8 rats
88 creatures vanquished.

Vanquished Creatures (collateral kills)
  An adder (D:2)
1 creature vanquished.

Grand Total: 89 creatures vanquished

Notes
Turn   | Place    | Note
-------+----------+-------------------------------------------
     0 | D:1      | Grinner the Spriggan Transmuter began the quest for the Orb.
     0 | D:1      | Reached XP level 1. HP: 9/9 MP: 5/5
   285 | D:1      | Reached skill level 3 in Transmutations
   327 | D:1      | Reached XP level 2. HP: 14/14 MP: 3/6
   331 | D:1      | Learned a level 2 spell: Sticks to Snakes
   906 | D:1      | Reached XP level 3. HP: 12/17 MP: 6/8
   994 | D:1      | Learned a level 3 spell: Spider Form
  1895 | D:2      | Found a radiant altar of Vehumet.
  1900 | D:2      | Found a white marble altar of Elyvilon.
  1900 | D:2      | Found a hide-covered altar of Uskayaw.
  2118 | D:2      | Found a runed door.
  2421 | D:2      | Noticed Crazy Yiuf
  2436 | D:2      | Killed Crazy Yiuf
  2436 | D:2      | Reached skill level 4 in Transmutations
  2436 | D:2      | Reached XP level 4. HP: 19/21 MP: 3/10
  2494 | D:2      | Learned a level 4 spell: Ice Form
  2806 | D:3      | Reached XP level 5. HP: 25/25 MP: 7/11
  2907 | D:3      | Found a glowing golden altar of the Shining One.
  2995 | D:3      | Reached skill level 5 in Transmutations
  3432 | D:4      | Noticed mrking's ghost (weakling MiWn)
  3436 | D:4      | Noticed an ogre
  3447 | D:4      | HP: 1/25 [ogre/giant club (16)]
  3448 | D:4      | Killed an ogre
  3448 | D:4      | Reached skill level 5 in Dodging
  3448 | D:4      | Reached XP level 6. HP: 1/29 MP: 8/13
  3772 | D:4      | Killed mrking's ghost
  3772 | D:4      | Reached skill level 6 in Transmutations
  5004 | D:5      | Entered Level 5 of the Dungeon
  5014 | D:5      | Noticed Prince Ribbit
  5432 | D:5      | Reached skill level 5 in Spellcasting
  5441 | D:5      | HP: 1/34 [Prince Ribbit (8)]
  5443 | D:5      | Succumbed to an adder's poison

Skill      XL: |  1  2  3  4  5  6 |
---------------+-------------------+-----
Transmutations | 3 4 5 6 |  6.3
Spellcasting   | 3 4 5 |  5.1
Dodging        | 4 5 |  5.5
Unarmed Combat | 3 |  3.3
Fighting       | |  0.7

Action                   |  1- 3 |  4- 6 || total
-------------------------+-------+-------++-------
Melee: Unarmed           |   192 |   182 ||   374
       Kick              |    15 |     1 ||    16
       Punch             |     3 |     2 ||     5
       Headbutt          |    11 |    15 ||    26
 Cast: Beastly Appendage |    22 |    12 ||    34
       Sticks to Snakes  |     5 |     1 ||     6
       Spider Form       |       |     9 ||     9
       Ice Form          |       |     1 ||     1
Evoke: Wand              |       |     2 ||     2
  Use: Potion            |     1 |     3 ||     4
       Scroll            |       |    12 ||    12
 Stab: Sleeping          |     3 |     1 ||     4
       Distracted        |       |     1 ||     1
  Eat: Fruit             |       |     2 ||     2
       Pizza             |       |     1 ||     1
Armor: Robe              |    17 |    12 ||    29
       Skin              |       |     2 ||     2
Dodge: Dodged            |   192 |   134 ||   326
